 Dungeon Crawl Stone Soup version 0.29-a0-378-gc08b2e8bf8 (webtiles) character file.

Game seed: 11583368307699391841

67 ryw the Skirmisher (level 3, -6/32 HPs)
             Began as a Demonspawn Monk on May 5, 2022.
             Mangled by an ice beast (8 damage)
             ... on level 3 of the Dungeon.
             The game lasted 00:03:15 (2446 turns).

ryw the Skirmisher (Demonspawn Monk)                Turns: 2446, Time: 00:03:16

Health: -6/32      AC:  2    Str: 13    XL:     3   Next: 98%
Magic:  3/3        EV: 12    Int: 11    God:
Gold:   125        SH:  0    Dex: 15    Spells: 2/2 levels left

rFire   . . .      SeeInvis .   q - +1 dagger (venom)
rCold   . . .      Faith    .   (no shield)
rNeg    . . .      Spirit   .   a - +0 robe
rPois   .          Reflect  .   (no helmet)
rElec   .          Harm     +   j - scarf {harm}
rCorr   .          Rampage  .   (no gloves)
Will    .....                   (no boots)
Stlth   ++........              (no amulet)
HPRegen 0.10/turn               (no ring)
MPRegen 0.08/turn               (no ring)

@: no status effects
A: spiny 1
a: no special abilities


You were on level 3 of the Dungeon.
You visited 1 branch of the dungeon, and saw 3 of its levels.

You collected 125 gold pieces.

Inventory:

Hand Weapons
 e - a +0 long sword
 q - a +1 dagger of venom (weapon)
Missiles
 d - 3 atropa-tipped darts (quivered)
 o - 2 javelins
Armour
 a - a +0 robe (worn)
 j - a scarf of harm (worn)
Magical Staves
 f - a staff of poison
Jewellery
 m - a ring of positive energy
Scrolls
 k - 2 scrolls of teleportation
 w - 2 scrolls of silence
Potions
 b - a potion of ambrosia
 c - a potion of berserk rage {unknown}
 g - a potion of resistance {unknown}
 h - 2 potions of attraction {unknown}
 i - 2 potions of curing {unknown}
 l - a potion of haste {unknown}
 n - a potion of brilliance {unknown}
 p - a potion of might {unknown}
 s - 2 potions of invisibility
 t - a potion of degeneration {unknown}


   Skills:
 + Level 4.9 Fighting
 - Level 2.6 Dodging
 - Level 1.7 Stealth
 - Level 2.6 Unarmed Combat


You had 2 spell levels left.
You didn't know any spells.
Your spell library contained the following spells:

 Spells                   Type           Power      Damage    Failure   Level
 Sandblast                Erth           0%         2d4       34%         1
 Passwall                 Tmut/Erth      0%         N/A       47%         2
 Conjure Flame            Conj/Fire      0%         6-21      71%         3
 Ignite Poison            Fire/Tmut/Pois 0%         N/A       71%         3
 Stone Arrow              Conj/Erth      0%         3d7       71%         3
 Sticky Flame             Conj/Fire      0%         2d3       98%         4


Dungeon Overview and Level Annotations

Branches:
Dungeon (3/15)

Altars:

Shops:
D:3 ?!


Innate Abilities, Weirdness & Mutations

You are partially covered in sharp spines.


Message History

You see here a +0 club.
A hobgoblin comes into view.
A hobgoblin is nearby!
The hobgoblin shouts!
The hobgoblin is struck by your spines. The hobgoblin closely misses you.
You hit the hobgoblin.
The hobgoblin is poisoned.
The hobgoblin is heavily wounded.
The hobgoblin hits you.
You hit the hobgoblin.
The hobgoblin is severely wounded.
The hobgoblin hits you.
You hit the hobgoblin.
You kill the hobgoblin!
An ice beast comes into view.
An ice beast is nearby!
Unknown command.
Throw: 4 darts (atropa)
Press: ? - help, Q - select action, (/) - cycle Shift-Dir - straight line, f - ice beast
Aim: an ice beast (60% to hit, chance to blind on hit: 41%)
You throw an atropa-tipped dart.
The atropa-tipped dart hits the ice beast.
The ice beast appears confused.
The ice beast seems less confused.
You strike the helpless ice beast from behind!
You hit the ice beast.
The ice beast is lightly wounded.
The ice beast is no longer blind.
The ice beast hits you. The ice beast freezes you!
You hit the ice beast but do no damage.
The ice beast is poisoned.
The ice beast is lightly wounded.
The ice beast completely misses you.
You closely miss the ice beast.
The ice beast is lightly wounded.
The ice beast hits you. The ice beast freezes you!
* * * LOW HITPOINT WARNING * * *
Unknown command.
The ice beast attacks as you move away! The ice beast hits you.
* * * LOW HITPOINT WARNING * * *
The ice beast freezes you!
You die...

#.#.# #.#.# ##
#.#.# .# #.#.# .##
#.#.# ..# ####
#.#.# ..#
#..####.#.#
..######....)..#.#
..#...P#..####.#@#
..######..# #.#Y#
..#### #..# #.#.#
##...#########.#.#
##........)...#.#
##############.#
##.# #P..P.# #.#
##.## ####### #.#
#.## #.#


You could see an ice beast (poisoned).

Vanquished Creatures
  An adder (D:2)
  A worm (D:3)
  3 dart slugs
  4 ball pythons
  A bat (D:2)
  3 endoplasms
  A giant cockroach (D:3)
  9 goblins
  4 hobgoblins
  3 jackals (D:3)
  2 quokkas
  4 frilled lizards
  4 kobolds (D:1)
  4 rats
44 creatures vanquished.

Notes
Turn   | Place    | Note
-------+----------+-------------------------------------------
     0 | D:1      | ryw the Demonspawn Monk began the quest for the Orb.
     0 | D:1      | Reached XP level 1. HP: 18/18 MP: 1/1
    85 | D:1      | Gained mutation: You are partially covered in sharp spines.
                  | [demonic ancestry]
    85 | D:1      | Reached XP level 2. HP: 24/24 MP: 2/2
   589 | D:1      | Found a faded altar of an unknown god.
   716 | D:1      | Reached skill level 4 in Fighting
   911 | D:2      | Reached XP level 3. HP: 26/30 MP: 3/3
  1883 | D:3      | Found Abear's Magic Scroll Shoppe.
  1961 | D:3      | Found Jybbul Bou's Distillery.
  2435 | D:3      | Noticed an ice beast
  2446 | D:3      | Mangled by an ice beast

Illustrated notes

Levels and vault maps discovered:
D:1:      dpeg_arrival_yet_another_circle, layout_loops_ring,
          hellmonk_ecumenical_altar_crossroads
D:2:      layout_rooms, roderic_serpentine_path
D:3:      layout_loops_cross, serial_shops, shop, shop, shop_statue,
          serial_aquarium, aquarium_bridge_island_small
          [aquarium_subvault_small_open, aquarium_subvault_wall,
          aquarium_subvault_bridge, aquarium_subvault_window,
          aquarium_subvault_bridge], aquarium_bridge_long_joined
          [aquarium_subvault_balcony, aquarium_subvault_window,
          aquarium_subvault_wall, aquarium_subvault_bridge,
          aquarium_subvault_bridge, aquarium_subvault_wall], aquarium_window_2,
          aquarium_window_2, aquarium_view_2c, aquarium_view_2d,
          kennysheep_generic_room_7

Skill      XL: |  1  2 |
---------------+-------+-----
Fighting       | 4 |  4.9
Dodging        | |  2.6
Stealth        | |  1.7
Unarmed Combat | |  2.6

Action                   || total
-------------------------++-------
Melee: Unarmed           ||    74
       Punch             ||     4
       Dagger            ||    17
Throw: Dart              ||     2
  Use: Scroll            ||     5
 Stab: Sleeping          ||     2
       Distracted        ||     1
       Invisible         ||     1
Armor: Robe              ||     6
Dodge: Dodged            ||    33

Table legend: (Time is in decaauts)
 A = Elapsed time spent in this place.
 B = Non-inter-level travel time spent in this place.
 C = Inter-level travel time spent in this place.
 D = Time resting spent in this place.
 E = Time spent auto-exploring this place.
 F = Levels seen in this place.
 G = Mean time per level.
                   A        B        C        D        E       F      G
               +--------+--------+--------+--------+--------+-----+--------+
         Total |   2442 |   2352 |     90 |    137 |   1902 |   3 |  814.0 |
       Dungeon |   2442 |   2352 |     90 |    137 |   1902 |   3 |  814.0 |
               +--------+--------+--------+--------+--------+-----+--------+

Top non-repeatable levels by time:
     D:2: 976 daAuts
     D:1: 903 daAuts
     D:3: 562 daAuts
